 Dungeon Crawl Stone Soup version 0.28.0-1-gb440e238dd (webtiles) character file.

Game seed: 16859623015587842703

63 hikkokomori the Bolt Thrower (level 4, 0/33 HPs)
             Began as a Formicid Hunter on Feb 25, 2022.
             Slain by a hobgoblin (4 damage)
             ... on level 2 of the Dungeon.
             The game lasted 00:01:28 (958 turns).

hikkokomori the Bolt Thrower (Formicid Hunter)       Turns: 958, Time: 00:01:29

Health: 0/33       AC:  3    Str: 19    XL:     4   Next: 30%
Magic:  4/4        EV: 11    Int: 10    God:
Gold:   78         SH:  0    Dex: 11    Spells: 3/3 levels left

rFire   . . .      SeeInvis +   b - +0 short sword
rCold   . . .      Faith    .   (no shield)
rNeg    . . .      Spirit   .   c - +0 leather armour
rPois   .          Reflect  .   (helmet unavailable)
rElec   .          Harm     .   (no cloak)
rCorr   .          Rampage  .   (no gloves)
Will    .....                   (no boots)
Stlth   +.........              (no amulet)
HPRegen 0.11/turn               (no ring)
MPRegen 0.09/turn               (no ring)

@: no status effects
A: permanent stasis, dig shafts and tunnels, antennae 3, four strong arms
a: Dig, Shaft Self


You were on level 2 of the Dungeon.
You visited 1 branch of the dungeon, and saw 2 of its levels.

You collected 78 gold pieces.

Inventory:

Hand Weapons
 a - a +1 hand crossbow
 b - a +0 short sword (weapon)
Missiles
 d - 5 bolts
Armour
 c - a +0 leather armour (worn)
Scrolls
 e - a scroll of silence {unknown}
 f - a scroll of blinking {unknown}
 g - a scroll of enchant weapon {unknown}
 i - a scroll of fog {unknown}
Potions
 h - a potion of mutation {unknown}
 j - a potion of haste {unknown}


   Skills:
 - Level 2.3 Fighting
 + Level 5.4 Crossbows
 - Level 1.8 Dodging
 - Level 1.4 Stealth


You had 3 spell levels left.
You didn't know any spells.
Your spell library was empty.

Dungeon Overview and Level Annotations

Branches:
Dungeon (2/15)

Altars:

Shops:
D:1 (   D:2 =

Annotations:
D:2 1 runed translucent door, Crazy Yiuf, Sigmund, Terence


Innate Abilities, Weirdness & Mutations

You cannot be hasted, slowed, berserked, paralysed or teleported.
You can dig through walls and to a lower floor.
You have a pair of large antennae on your head. (SInv)
Your four strong arms can wield two-handed weapons with a shield.


Message History

Jessica casts a spell at you. Pain shoots through your body!
You shoot a bolt. The bolt completely misses Jessica.
Jessica gestures at you while chanting.
Your stasis prevents you from being slowed.
You shoot a bolt. The bolt closely misses Jessica.
Jessica gestures at you while chanting. Pain shoots through your body!
Sigmund the Dreaded comes into view.
He is wielding a +0 scythe.
You are too injured to fight recklessly!
You are too injured to fight recklessly!
You are too injured to fight recklessly!
You are too injured to fight recklessly!
You are too injured to fight recklessly!
Jessica casts a spell.
Jessica seems to speed up.
Really attack while wielding your +1 hand crossbow? [Y]es or [N]o only, please.
Really attack while wielding your +1 hand crossbow? [Y]es or [N]o only, please.
Really attack while wielding your +1 hand crossbow? [Y]es or [N]o only, please.
Really attack while wielding your +1 hand crossbow? [Y]es or [N]o only, please.
Really attack while wielding your +1 hand crossbow?
Okay, then.
b - a +0 short sword (weapon)
Jessica hits you with a +0 club!
* * * LOW HITPOINT WARNING * * *
You puncture Jessica!
You kill Jessica!
The hobgoblin barely misses you.
You have reached level 4!
You feel stronger.
You hit Terence but do no damage. The hobgoblin barely misses you.
Terence hits you with a +0 flail.
* * * LOW HITPOINT WARNING * * *
Unknown command.
You hit Terence but do no damage. The hobgoblin hits you.
You die...

#......(..........#
#.#...####........#
#...###..###......#
#.@##......##.....#
#......##.........#
#.....####........#
#.....## #.........
#g@....##......####
##@##......##..#
#..###..###...#
##...####.....#
##..........##
######....## ######


You could see Sigmund, Terence and a hobgoblin.

Vanquished Creatures
  Jessica (D:2)
  An adder (D:2)
  A worm (D:2)
  A ball python (D:1)
  3 endoplasms
  A giant cockroach (D:2)
  A goblin (D:1)
  3 hobgoblins (D:1)
  4 jackals (D:1)
  2 kobolds (D:1)
  A quokka (D:1)
  A bat (D:1)
  2 frilled lizards (D:1)
22 creatures vanquished.

Notes
Turn   | Place    | Note
-------+----------+-------------------------------------------
     0 | D:1      | hikkokomori the Formicid Hunter began the quest for the
                  | Orb.
     0 | D:1      | Reached XP level 1. HP: 16/16 MP: 1/1
    64 | D:1      | Reached XP level 2. HP: 22/22 MP: 2/2
   400 | D:1      | Reached XP level 3. HP: 27/27 MP: 3/3
   426 | D:1      | Found Dugiw's Weapon Emporium.
   766 | D:2      | Found Aponycw's Jewellery Boutique.
   836 | D:2      | Found a runed translucent door.
   837 | D:2      | Noticed Crazy Yiuf
   905 | D:2      | Reached skill level 5 in Crossbows
   942 | D:2      | Noticed Jessica
   944 | D:2      | Noticed Terence
   948 | D:2      | Noticed Sigmund
   956 | D:2      | Killed Jessica
   957 | D:2      | Reached XP level 4. HP: 7/33 MP: 4/4
   958 | D:2      | Slain by a hobgoblin

Illustrated notes

Levels and vault maps discovered:
D:1:      grunt_arrival_crossed_arrows, layout_basic, serial_shops,
          nicolae_shop_hallway_plus, shapermc_ecumenical_altar_petra,
          minmay_misc_feat_secret_circle
D:2:      layout_basic, serial_shops, nicolae_shop_hallway_plus,
          minmay_misc_feat_iff, minmay_pentomino_u2, uniq_sigmund, uniq_jessica,
          uniq_crazy_yiuf_cottage, uniq_terence

Skill      XL: |  1  2  3 |
---------------+----------+-----
Crossbows      | 5 |  5.4
Fighting       | |  2.3
Dodging        | |  1.8
Stealth        | |  1.4

Action                   |  1- 3 |  4- 6 || total
-------------------------+-------+-------++-------
Melee: Short sword       |     1 |     2 ||     3
 Fire: Hand crossbow     |    55 |       ||    55
Armor: Leather armour    |     3 |       ||     3
Dodge: Dodged            |     6 |     1 ||     7
